 Dungeon Crawl Stone Soup version 0.17-a0-854-g4a4ba72 (webtiles) character file.

30233 FedoraBrony69 the Warrior (level 13, 0/207 HPs)
             Began as a Minotaur Berserker on Apr 28, 2015.
             Was a High Priest of Trog.
             Slain by a seven-headed hydra (3 damage)
             ... on level 5 of the Lair of Beasts.
             The game lasted 00:37:39 (16429 turns).

FedoraBrony69 the Warrior (Minotaur Berserker)     Turns: 16429, Time: 00:37:39

Health: 0/207      AC: 23    Str: 32    XL:     13   Next: 19%
Magic:  12/12      EV: 12    Int:  5    God:    Trog [*****.]
Gold:   724        SH:  0    Dex: 10    Spells: 0 memorised, 12 levels left

rFire  + . .     SeeInvis .     b - +5 great mace (crush)
rCold  x . .     Clarity  .     X - +0 plate armour
rNeg   . . .     SustAb   .     (no shield)
rPois  .         Gourm    .     (helmet restricted)
rElec  .         Spirit   .     (no cloak)
rCorr  .         Warding  .     (no gloves)
rMut   .         Stasis   .     H - +2 pair of boots
MR     .....                    (no amulet)
Stlth  ..........               r - ring of fire
                                O - +3 ring of intelligence

@: berserking, very quick, not resistant to hostile enchantments, extremely
unstealthy
A: retaliatory headbutt, horns 2, iridescent scales 1, dopey 1, robust 1
a: Burn Spellbooks, Berserk, Trog's Hand, Brothers in Arms, Renounce Religion


You were on level 5 of the Lair of Beasts.
You worshipped Trog.
Trog was extremely pleased with you.
You were hungry.

You visited 3 branches of the dungeon, and saw 15 of its levels.
You also visited: Sewer and Ossuary.

You collected 724 gold pieces.

Inventory:

Hand weapons
 a - a +1 great sword of protection
 b - a +5 great mace of crushing (weapon)
Armour
 z - the +5 ring mail of Inquiry {rF++ MR++ MP+9, unknown}
   (You found it on level 4 of the Lair of Beasts)

   It greatly protects you from fire.
   It affects your resistance to hostile enchantments.
   It affects your magic capacity (+9).
 G - a cursed +0 leather armour
 H - a +2 pair of boots (worn)
 X - a +0 plate armour (worn)
Jewellery
 r - a ring of fire (right hand)
 y - an uncursed ring of sustain abilities
 J - an uncursed ring of positive energy
 O - a +3 ring of intelligence (left hand)
 T - an uncursed ring of fire
Magical devices
 l - a wand of disintegration (12)
 n - a wand of lightning (10)
 u - a wand of draining (3)
 I - a wand of slowing (14)
 L - a wand of slowing (17)
 S - a wand of digging (22)
 W - a wand of frost (12)
Scrolls
 d - 3 scrolls of immolation
 h - a scroll of enchant weapon {unknown}
 k - 3 scrolls of acquirement {unknown}
 m - 5 scrolls of identify
 p - 3 scrolls of fog
 q - 4 scrolls of enchant armour
 s - 2 scrolls of teleportation
 E - 3 scrolls of recharging
 K - 6 scrolls of remove curse
Potions
 e - a potion of flight
 j - a potion of invisibility
 w - a potion of cancellation {unknown}
 x - 6 potions of haste {unknown}
 B - 5 potions of might {unknown}
 C - 8 potions of curing {unknown}
 D - 2 potions of brilliance {unknown}
 F - 5 potions of heal wounds
 M - 2 potions of agility {unknown}
 P - a potion of poison {unknown}
 Y - 2 potions of restore abilities {unknown}
Books
 o - a book of Air

   Spells                             Type                      Level
   a - Shock                          Conjuration/Air              1
   b - Swiftness                      Charms/Air                   2
   c - Repel Missiles                 Charms/Air                   2
   d - Flight                         Charms/Air                   3
   e - Static Discharge               Conjuration/Air              3
   f - Lightning Bolt                 Conjuration/Air              5
   Trog disapproves of the use of such an item.
 A - a book of Changes

   Spells                             Type                      Level
   a - Beastly Appendage              Transmutation                1
   b - Sticks to Snakes               Transmutation                2
   c - Spider Form                    Transmutation/Poison         3
   d - Ice Form                       Ice/Transmutation            4
   e - Blade Hands                    Transmutation                5
   Trog disapproves of the use of such an item.
 U - a book of Flames

   Spells                             Type                      Level
   a - Flame Tongue                   Conjuration/Fire             1
   b - Throw Flame                    Conjuration/Fire             2
   c - Conjure Flame                  Conjuration/Fire             3
   d - Inner Flame                    Hexes/Fire                   3
   e - Sticky Flame                   Conjuration/Fire             4
   f - Fireball                       Conjuration/Fire             5
   Trog disapproves of the use of such an item.
 Z - a book of Dreams

   Spells                             Type                      Level
   a - Ensorcelled Hibernation        Hexes/Ice                    2
   b - Flight                         Charms/Air                   3
   c - Phase Shift                    Translocation                5
   d - Shadow Creatures               Summoning                    5
   e - Mass Confusion                 Hexes                        6
   f - Darkness                       Hexes                        7
   Trog disapproves of the use of such an item.
Comestibles
 c - 11 bread rations
 f - 6 meat rations
 g - 10 slices of pizza
 i - 4 beef jerkies
 t - 6 fruits
 v - 2 royal jellies
 N - 15 chunks of flesh


   Skills:
 - Level 15.0 Fighting
 - Level 14.0 Maces & Flails
 * Level 13.4 Armour
 + Level 10.1 Dodging


You had 12 spell levels left.
You didn't know any spells.

Dungeon Overview and Level Annotations

Branches:
Dungeon (9/15)             Temple (1/1) D:6            Lair (5/8) D:9
 Shoals (0/4) Lair:4       Spider (0/4) Lair:4
    Orc: D:9-12

Altars:
Ashenzari
Cheibriados
Dithmenos
Elyvilon
Fedhas
Gozag
Kikubaaqudgha
Makhleb
Nemelex Xobeh
Okawaru
Qazlal
Ru
Sif Muna
Trog
Vehumet
Xom
Yredelemnul
Zin
The Shining One


Innate Abilities, Weirdness & Mutations

You reflexively headbutt those who attack you in melee.
You have a pair of horns on your head.
You are partially covered in iridescent scales (AC +4).
You are dopey. (Int -2)
You are robust (+10% HP).


Message History

The seven-headed hydra bites you but does no damage.
The seven-headed hydra bites you!
* * * LOW HITPOINT WARNING * * *
The seven-headed hydra bites you but does no damage. x3
The seven-headed hydra closely misses you.
The seven-headed hydra bites you.
* * * LOW HITPOINT WARNING * * *
The yak closely misses your troll. x2
Unknown command.
You hit the seven-headed hydra. You headbutt the seven-headed hydra!!
The seven-headed hydra is heavily wounded.
Your troll barely misses the yak.
Your troll closely misses the yak.
Your troll claws the yak but does no damage.
The komodo dragon bites you!!
* * * LOW HITPOINT WARNING * * *
You barely miss the seven-headed hydra.
The seven-headed hydra is heavily wounded.
The seven-headed hydra barely misses you.
The seven-headed hydra bites you.
You die...

.P# .## ## . .# ## ...
.##### .#..... #....###
.#..... .....'.# Y......
.......### ##DT......
.8...+...#######@lY......
.....#...##.#.#.#PY......
..####...###....#PP.....
...#..#.##P....##.......
.............### ..)....
......+..#...# ......
..8...#....#.# .....
.........##.## ....
......#.##### .


You could see a seven-headed hydra, a komodo dragon, 3 yaks and a friendly troll
(berserk).

Vanquished Creatures
  Maud (Lair:3)
  Harold (Lair:3)
  2 hydras
  Urug (Lair:3)
  Sonja (Lair:3)
  A cyclops (D:9)
  11 elephants
  A black mamba (Lair:3)
  A torpor snail (Lair:5)
  3 spiny frogs
  4 komodo dragons
  A troll (D:9)
  A polar bear (Lair:4)
  Grinder (D:6)
  A two-headed ogre (D:9)
  21 blink frogs
  A snapping turtle (Lair:4)
  A spriggan (D:8)
  A basilisk (Lair:3)
  25 yaks
  A deep elf mage (D:9)
  11 wolves
  2 hungry ghosts
  2 wyverns
  6 hippogriffs
  A steam dragon (D:9)
  12 porcupines
  Duvessa (D:5)
  2 water moccasins
  5 ice beasts
  A necrophage (D:8)
  4 ogres
  2 orc warriors
  6 centaurs
  2 sky beasts
  An eye of draining (D:9)
  2 boring beetles
  A big kobold (D:8)
  7 crocodiles
  9 giant frogs
  Dowan (D:5)
  2 water moccasin zombies (Ossuary)
  4 scorpions
  4 killer bees (D:6)
  9 electric eels
  2 jellies
  A goliath beetle (D:8)
  2 crimson imps
  2 giant frog zombies
  5 orc priests
  3 giant frog skeletons
  6 worker ants
  2 centaur skeletons
  A gnoll shaman (D:7)
  9 iguanas
  9 hounds
  5 orc wizards
  A killer bee zombie (D:8)
  4 sheep (D:9)
  A big kobold zombie (Ossuary)
  2 hound skeletons
  A hound zombie (D:9)
  2 mummies (Ossuary)
  A worker ant zombie (D:5)
  11 adders
  26 river rats
  12 gnolls
  A shadow imp (D:9)
  14 oozes
  6 adder zombies
  A worm (D:3)
  19 giant geckos
  31 orcs
  19 giant cockroaches
  8 goblins
  18 hobgoblins
  10 jackals
  16 kobolds
  2 quokkas
  9 ball pythons
  17 bats
  A giant gecko zombie (D:6)
  17 giant newts
  5 hobgoblin zombies (Ossuary)
  4 kobold zombies (Ossuary)
  7 orc zombies (Ossuary)
  9 rats
  3 ballistomycetes (D:9)
503 creatures vanquished.

Vanquished Creatures (others)
  A bat (D:9)
  A giant spore (D:9)
  A plant (D:9)
3 creatures vanquished.

Grand Total: 506 creatures vanquished

Notes
Turn   | Place    | Note
--------------------------------------------------------------
     0 | D:1      | FedoraBrony69, the Minotaur Berserker, began the quest for the Orb.
     0 | D:1      | Reached XP level 1. HP: 19/19 MP: 0/0
    71 | D:1      | Reached skill level 4 in Fighting
   351 | D:1      | Reached XP level 2. HP: 12/27 MP: 1/1
   703 | D:1      | Acquired Trog's second power
   769 | D:1      | Reached XP level 3. HP: 30/34 MP: 2/2
  1063 | D:2      | Reached skill level 5 in Maces & Flails
  1063 | D:2      | Reached XP level 4. HP: 16/41 MP: 3/3
  1127 | D:2      | Reached skill level 5 in Fighting
  1472 | D:2      | Found a bloodstained altar of Trog.
  1980 | D:3      | Found a glowing drain.
  1985 | Sewer    | Entered a sewer
  2161 | Sewer    | Reached XP level 5. HP: 44/48 MP: 4/4
  2555 | Sewer    | Reached skill level 6 in Maces & Flails
  2641 | Sewer    | Acquired Trog's third power
  3045 | Sewer    | Noticed a giant frog
  3046 | Sewer    | Noticed a giant frog
  3050 | Sewer    | Killed a giant frog
  3050 | Sewer    | Reached XP level 6. HP: 57/57 MP: 5/5
  3052 | Sewer    | Killed a giant frog
  3052 | Sewer    | Reached skill level 7 in Maces & Flails
  3288 | D:3      | Found a sparkling altar of Nemelex Xobeh.
  3288 | D:3      | Found a shadowy altar of Dithmenos.
  3798 | D:4      | Reached XP level 7. HP: 45/66 MP: 6/6
  3966 | D:4      | Found a burning altar of Makhleb.
  4349 | D:5      | Entered Level 5 of the Dungeon
  4358 | D:5      | Found a sand-covered staircase.
  4366 | Ossuary  | Entered an ossuary
  4491 | Ossuary  | Reached skill level 8 in Maces & Flails
  4697 | D:5      | Received a gift from Trog
  4981 | D:5      | Reached skill level 9 in Maces & Flails
  4981 | D:5      | Reached XP level 8. HP: 68/75 MP: 7/7
  5231 | D:5      | Noticed Duvessa
  5232 | D:5      | Noticed Dowan
  5238 | D:5      | Killed Duvessa
  5253 | D:5      | Killed Dowan
  6054 | D:6      | Found a staircase to the Ecumenical Temple.
  6071 | D:6      | Reached skill level 10 in Maces & Flails
  6075 | Temple   | Entered the Ecumenical Temple
  6349 | D:6      | Reached skill level 10 in Fighting
  6727 | D:6      | Found a shattered altar of Ashenzari.
  6750 | D:6      | Reached XP level 9. HP: 75/86 MP: 8/8
  6783 | D:6      | Noticed Grinder
  6786 | D:6      | Paralysed by Grinder for 6 turns
  6796 | D:6      | Killed Grinder
  7022 | D:6      | Reached skill level 11 in Maces & Flails
  7372 | D:7      | Found an opulent altar of Gozag.
  7857 | D:7      | Found a white marble altar of Elyvilon.
  7858 | D:7      | Found a sacrificial altar of Ru.
  8134 | D:8      | Reached skill level 12 in Maces & Flails
  8369 | D:8      | Found a snail-covered altar of Cheibriados.
  8678 | D:8      | Reached XP level 10. HP: 43/97 MP: 9/9
  9368 | D:9      | Reached skill level 13 in Maces & Flails
  9921 | D:9      | Found a staircase to the Lair.
 10414 | D:9      | Gained mutation: You are partially covered in icy blue scales (AC +1). [mutagenic meat]
 10415 | D:9      | Gained mutation: You are weak. (Str -2) [mutagenic meat]
 10416 | D:9      | Gained mutation: Armour fits poorly on your strangely shaped body. [mutagenic meat]
 10418 | D:9      | Gained mutation: Scrolls take you a little longer to read. [mutagenic meat]
 10419 | D:9      | Gained mutation: You expend magic power (3 MP) to strengthen your wands. [mutagenic meat]
 10513 | D:9      | Received a gift from Trog
 10575 | D:9      | Noticed a cyclops
 10584 | D:9      | Killed a cyclops
 10584 | D:9      | Reached skill level 14 in Maces & Flails
 11067 | Lair:1   | Entered Level 1 of the Lair of Beasts
 11203 | Lair:1   | Reached XP level 11. HP: 75/108 MP: 10/10
 12443 | Lair:1   | Lost mutation: You are weak. (Str -2) [potion of cure mutation]
 12443 | Lair:1   | Lost mutation: You expend magic power (3 MP) to strengthen your wands. [potion of cure mutation]
 12443 | Lair:1   | Lost mutation: Scrolls take you a little longer to read. [potion of cure mutation]
 12444 | Lair:1   | Lost mutation: Armour fits poorly on your strangely shaped body. [potion of cure mutation]
 12444 | Lair:1   | Lost mutation: You are partially covered in icy blue scales (AC +1). [potion of cure mutation]
 12446 | Lair:1   | Gained mutation: You are partially covered in iridescent scales (AC +4). [potion of mutation]
 12446 | Lair:1   | Gained mutation: You are robust (+10% HP). [potion of mutation]
 12446 | Lair:1   | Gained mutation: You are dopey. (Int -2) [potion of mutation]
 12851 | Lair:2   | Reached skill level 5 in Armour
 12875 | Lair:2   | Reached skill level 5 in Dodging
 12979 | Lair:2   | Noticed a seven-headed hydra
 12987 | Lair:2   | Killed a seven-headed hydra
 13520 | Lair:3   | Noticed Urug
 13553 | Lair:3   | Killed Urug
 13555 | Lair:3   | Reached skill level 15 in Fighting
 13684 | Lair:3   | Reached XP level 12. HP: 130/130 MP: 11/11
 13761 | Lair:3   | Noticed Harold
 13766 | Lair:3   | Killed Harold
 13881 | Lair:3   | Received a gift from Trog
 13982 | Lair:3   | Reached skill level 10 in Armour
 14207 | Lair:3   | Noticed Sonja
 14212 | Lair:3   | Noticed Maud
 14218 | Lair:3   | Killed Sonja
 14220 | Lair:3   | Killed Maud
 14328 | Lair:3   | Found an iron altar of Okawaru.
 14918 | Lair:4   | Got an ichor-stained ring mail
 15103 | Lair:4   | Found a hole to the Spider Nest.
 15503 | Lair:4   | Received a gift from Trog
 15694 | Lair:4   | Found a staircase to the Shoals.
 16149 | Lair:5   | Reached XP level 13. HP: 131/138 MP: 12/12
 16162 | Lair:5   | Noticed a five-headed hydra
 16168 | Lair:5   | Killed a five-headed hydra
 16218 | Lair:5   | Reached skill level 10 in Dodging
 16418 | Lair:5   | Noticed a seven-headed hydra
 16428 | Lair:5   | HP: 3/207 [komodo dragon (19)]
 16429 | Lair:5   | Slain by a seven-headed hydra

Action                   |  1- 3 |  4- 6 |  7- 9 | 10-12 | 13-15 || total
-------------------------+-------+-------+-------+-------+-------++-------
Melee: Mace              |    70 |   247 |   421 |   207 |       ||   945
       Broad axe         |       |       |    11 |       |       ||    11
       Great mace        |       |       |       |   381 |    46 ||   427
Invok: Trog's Hand       |     1 |       |     8 |    10 |       ||    19
       Berserk           |       |     2 |     7 |     8 |     1 ||    18
       Brothers in Arms  |       |       |       |     1 |     1 ||     2
  Use: Potion            |       |       |     1 |     3 |       ||     4
       Scroll            |       |       |       |    16 |       ||    16
  Eat: Chunk             |       |    12 |    23 |    39 |     2 ||    76
       Pizza             |       |       |     1 |       |       ||     1
       Beef jerky        |       |       |     1 |       |       ||     1
